 Dungeon Crawl Stone Soup version 0.31-a0-188-g5e087ee2ca (webtiles) character file.

Game seed: 17762172283376346188

508 Anon1729 the Trooper (level 6, -5/56 HPs)
             Began as a Minotaur Monk on June 23, 2023.
             Slain by Menkaure (20 damage)
             ... on level 5 of the Dungeon.
             The game lasted 00:01:30 (3597 turns).

Anon1729 the Trooper (Minotaur Monk)                Turns: 3597, Time: 00:01:30

Health: -5/56      AC:  3    Str: 15    XL:     6   Next: 98%
Magic:  7/7        EV: 14    Int:  7    God:
Gold:   190        SH:  0    Dex: 15    Spells: 5/5 levels left

rFire   . . .        n - +1 short sword (drain)
rCold   . . .        d - orb {light}
rNeg    . . .        b - +0 robe
rPois   .            (helmet restricted)
rElec   .            w - +0 cloak
rCorr   +            (no gloves)
SInv    .            (no boots)
Will    .....        (no amulet)
Stlth   +            h - ring of resist corrosion
HPRegen 0.29/turn    (no ring)
MPRegen 0.10/turn

%: no passive effects
@: glowing
A: horns 2, retaliatory headbutt
a: no special abilities


You were on level 5 of the Dungeon.
You visited 1 branch of the dungeon, and saw 5 of its levels.

You collected 190 gold pieces.

Inventory:

Hand Weapons
 a - a +0 short sword
 n - a +1 short sword of draining (weapon)
Missiles
 u - a throwing net
Armour
 b - a +0 robe (worn)
 d - an orb of light (worn)
 w - a +0 cloak (worn)
Jewellery
 h - a ring of resist corrosion (left hand)
 k - a ring of protection from cold
Wands
 v - a wand of paralysis (14)
Scrolls
 f - a scroll of enchant armour {unknown}
 g - a scroll of acquirement {unknown}
 i - 2 scrolls of noise {unknown}
 l - a scroll of fear {unknown}
 m - a scroll of brand weapon {unknown}
 o - a scroll of immolation {unknown}
 p - a scroll of fog {unknown}
 q - a scroll of amnesia {unknown}
 r - 2 scrolls of teleportation {unknown}
Potions
 c - 2 potions of haste {unknown}
 e - 2 potions of degeneration {unknown}
 j - a potion of heal wounds
 s - a potion of invisibility {unknown}
 t - a potion of experience {unknown}


   Skills:
 + Level 5.3 Fighting
 + Level 4.8 Short Blades
 + Level 3.6 Armour
 + Level 4.8 Dodging
 + Level 2.9 Invocations


You had 5 spell levels left.
You didn't know any spells.
Your spell library contained the following spells:

 Spells                   Type           Power      Damage    Failure   Level
 Shock                    Conj/Air       0%         1d3       43%         1
 Blink                    Tloc           0%         N/A       56%         2
 Lesser Beckoning         Tloc           0%         N/A       56%         2
 Momentum Strike          Conj/Tloc      0%         3d8       56%         2
 Swiftness                Air            0%         N/A       80%         3
 Airstrike                Air            0%         2d(0-16)  99%         4


Dungeon Overview and Level Annotations

Branches:
Dungeon (5/15)
 Temple: D:4-7

Altars:

Annotations:
D:5 Menkaure


Innate Abilities, Weirdness & Mutations

You have a pair of horns on your head.
You reflexively headbutt those who attack you in melee.


Message History

Where to? (Enter - D:4 @ (x,y), ? - help)
There is a stone staircase leading down here.
You climb downwards.
Menkaure shouts!
Found a stone staircase leading up.
There is a stone staircase leading up here.
Menkaure is nearby!
Found a whip.
Menkaure murmurs, "It doesn't hurt if you pull your brain out of your nose yourself."
Menkaure mumbles some strange words.
Menkaure seems to speed up.
Menkaure calls on the powers of darkness!
Your body is wracked with pain!
Found a stone staircase leading down.
Menkaure hits you!
* * * LOW HITPOINT WARNING * * *
You are too injured to fight recklessly!
You are too injured to fight recklessly!
You are too injured to fight recklessly!
You are too injured to fight recklessly!
You are too injured to fight recklessly!
You are too injured to fight recklessly!
You are too injured to fight recklessly!
You are too injured to fight recklessly!
You are too injured to fight recklessly!
You are too injured to fight recklessly!
You are too injured to fight recklessly!
You are too injured to fight recklessly!
You are too injured to fight recklessly!
You are too injured to fight recklessly!
You are too injured to fight recklessly!
You are too injured to fight recklessly!
You are too injured to fight recklessly!
You are too injured to fight recklessly!
You hit Menkaure.
Menkaure is lightly damaged.
Menkaure misses you. You furiously retaliate!
You headbutt Menkaure. You hit Menkaure. You headbutt Menkaure.
Menkaure is heavily damaged.
Menkaure hits you!!
You die...

##......##.####
................
>................
.............)....
...................
........<...........
......M.............
.......@............
....................
....................
....................
....................
............<.......
....................
....................
...................


You could see Menkaure (fast).

Vanquished Creatures
  Sigmund (D:2)
  A wyvern (D:4)
  A hound (D:4)
  Jessica (D:2)
  A gnoll (D:3)
  5 adders
  2 worms (D:2)
  6 dart slugs
  An orc (D:3)
  3 endoplasms
  6 giant cockroaches
  10 goblins
  10 hobgoblins
  3 jackals (D:1)
  8 quokkas
  5 ball pythons
  9 bats
  4 frilled lizards
  8 kobolds
  8 rats
93 creatures vanquished.

Notes
Turn   | Place    | Note
-------+----------+-------------------------------------------
     0 | D:1      | Anon1729 the Minotaur Monk began the quest for the Orb.
     0 | D:1      | Reached XP level 1. HP: 19/19 MP: 0/0
   123 | D:1      | Reached XP level 2. HP: 27/27 MP: 1/1
   162 | D:1      | Reached skill level 1 in Armour
   418 | D:1      | Reached skill level 1 in Invocations
   418 | D:1      | Reached XP level 3. HP: 22/33 MP: 2/2
   423 | D:1      | Reached skill level 4 in Fighting
  1003 | D:2      | Found a faded altar of an unknown god.
  1128 | D:2      | Reached XP level 4. HP: 38/40 MP: 3/3
  1300 | D:2      | Noticed Sigmund
  1388 | D:2      | Killed Sigmund
  1389 | D:2      | Reached XP level 5. HP: 12/47 MP: 5/5
  1982 | D:2      | Noticed Jessica
  1989 | D:2      | Killed Jessica
  1990 | D:2      | Reached XP level 6. HP: 43/54 MP: 6/6
  2680 | D:3      | Reached skill level 5 in Fighting
  3257 | D:4      | Noticed a wyvern
  3264 | D:4      | Killed a wyvern
  3590 | D:5      | Entered Level 5 of the Dungeon
  3590 | D:5      | Noticed Menkaure
  3597 | D:5      | Slain by Menkaure

Illustrated notes

Levels and vault maps discovered:
D:1:      spicycebolla_green_bress_n_ham, layout_loops_ring
D:2:      layout_loops_corners, hellmonk_ecumenical_altar_prayer_group,
          minmay_3d_cube, uniq_jessica, uniq_sigmund
D:3:      layout_basic, minmay_three_crescents
D:4:      layout_rooms
D:5:      layout_basic, uniq_pikel, uniq_edmund, uniq_menkaure

Skill      XL: |  1  2  3  4  5  6 |
---------------+-------------------+-----
Armour         | 1 2 3 |  3.6
Invocations    | 1 2 |  2.9
Fighting       | 4 5 |  5.3
Short Blades   | 4 |  4.8
Dodging        | 4 |  4.8

Action                     |  1- 3 |  4- 6 || total
---------------------------+-------+-------++-------
  Melee: Short sword       |   108 |   113 ||   221
         Headbutt          |    24 |    22 ||    46
    Use: Potion            |       |     2 ||     2
 Armour: Robe              |    20 |    13 ||    33
  Dodge: Dodged            |    61 |    69 ||   130

Table legend: (Time is in decaauts)
 A = Elapsed time spent in this place.
 B = Non-inter-level travel time spent in this place.
 C = Inter-level travel time spent in this place.
 D = Time resting spent in this place.
 E = Time spent auto-exploring this place.
 F = Levels seen in this place.
 G = Mean time per level.
                   A        B        C        D        E       F      G
               +--------+--------+--------+--------+--------+-----+--------+
         Total |   3553 |   3407 |    146 |    131 |   2780 |   5 |  710.6 |
       Dungeon |   3553 |   3407 |    146 |    131 |   2780 |   5 |  710.6 |
               +--------+--------+--------+--------+--------+-----+--------+

Top non-repeatable levels by time:
     D:2: 1363 daAuts
     D:3: 875 daAuts
     D:1: 859 daAuts
     D:4: 448 daAuts
     D:5: 6 daAuts
